 Dungeon Crawl Stone Soup version 0.25.0-3-gd7cc5688da (webtiles) character file.

Game seed: 11794596223621053720

186 Esekla the Chiller (level 5, -6/44 HPs)
             Began as a Deep Dwarf Ice Elementalist on June 15, 2020.
             Mangled by an ogre
             ... wielding a +0 giant spiked club
              (18 damage)
             ... on level 4 of the Dungeon.
             The game lasted 00:31:03 (2938 turns).

Esekla the Chiller (Deep Dwarf Ice Elementalist)    Turns: 2938, Time: 00:31:03

Health: -6/44      AC:  5    Str: 12    XL:     5   Next: 38%
Magic:  6/9        EV: 11    Int: 16    God:
Gold:   65         SH:  3    Dex:  9    Spells: 3/10 levels left

rFire    . . .     SeeInvis .   e - +0 short sword
rCold    x . .     Gourm    .   p - +0 buckler "Pizudol" {+Fly rPois rC- Regen+} (curse)
rNeg     . . .     Faith    .   i - +0 leather armour
rPois    +         Spirit   .   (no helmet)
rElec    .         Reflect  .   g - +0 cloak
rCorr    .         Harm     .   k - +0 pair of gloves
MR       .....                  (no boots)
Stlth    ++........             (no amulet)
HPRegen  0.00/turn              j - -4 ring of dexterity (curse)
MPRegen  0.11/turn              (no ring)

@: mighty, frozen ramparts, non-regenerating, lightly drained
A: damage resistance, heal wounds, sense surroundings 1, no regeneration
a: Heal Wounds, Evoke Flight


You were on level 4 of the Dungeon.
You were hungry.

You visited 1 branch of the dungeon, and saw 6 of its levels.

You collected 65 gold pieces.

Inventory:

Hand Weapons
 e - a +0 short sword (weapon)
Armour
 a - a +0 robe
 g - a +0 cloak (worn)
 i - a +0 leather armour (worn)
 k - a +0 pair of gloves (worn)
 p - the cursed +0 buckler "Pizudol" (worn) {+Fly rPois rC- Regen+}
   (You found it on level 4 of the Dungeon)

   It makes you vulnerable to cold.
   It protects you from poison.
   It lets you fly.
   It increases your rate of regeneration.
   It has a curse placed upon it.
Jewellery
 j - a cursed -4 ring of dexterity (left hand)
 u - the ring of Duoseczet {*Slow MR+ Str+2 Int+4 SInv}
   (You found it on level 5 of the Dungeon)

   [ring of see invisible]

   It affects your strength (+2).
   It affects your intelligence (+4).
   It affects your resistance to hostile enchantments.
   It lets you see invisible.
   It may slow you when you take damage.
Wands
 r - a wand of clouds (3)
Scrolls
 b - 3 scrolls of magic mapping
 d - a scroll of blinking {unknown}
 f - a scroll of teleportation
 n - a scroll of noise {unknown}
Potions
 h - a potion of curing
 m - a potion of might
 o - a potion of stabbing {unknown}
 q - a potion of cancellation {unknown}
Comestibles
 c - 2 rations
 s - 2 chunks of flesh


   Skills:
 * Level 1.3(1.2) Fighting
 + Level 0.9(0.8) Short Blades
 * Level 1.7(1.6) Armour
 + Level 2.3(2.2) Dodging
 - Level 2.4(2.3) Stealth
 * Level 0.7(0.6) Shields
 * Level 3.2(3.1) Spellcasting
 * Level 0.6(0.5) Charms
 + Level 4.2(4.0) Ice Magic


You had 3 spell levels left.
You knew the following spells:

 Your Spells              Type           Power        Failure   Level  Hunger
a - Freeze                Ice            ###.         7%          1    #......
b - Ozocubu's Armour      Chrm/Ice       #.......     38%         3    ###....
r - Frozen Ramparts       Ice            ###...       21%         3    ###....

Your spell library contained the following spells:

 Spells                   Type           Power        Failure   Level  Hunger
 Hailstorm                Conj/Ice       #.......     85%         4    #####..
 Summon Ice Beast         Ice/Summ       #.......     85%         4    #####..


Dungeon Overview and Level Annotations

Branches:
Dungeon (6/15)
 Temple: D:4-7

Altars:
Gozag
Zin
The Shining One

Shops:
D:3 *   D:4 *

Annotations:
D:4 Edmund, Pikel


Innate Abilities, Weirdness & Mutations

You are resistant to damage.
You can heal yourself by infusing magical energy.
You passively map a small area around you.
You do not regenerate.


Message History

The wight misses you.
You puncture the wight!
The wight is almost destroyed.
The wight closely misses you.
Casting: Frozen Ramparts (dangerous; 21% risk of failure)
Confirm with . or Enter, or press ? or * to list all spells.
The walls around you are covered in ice.
The wall freezes the ogre.
The wight completely resists.
The wall freezes the wight but do no damage.
The wight hits you with a +0 short sword!
* * * LOW HITPOINT WARNING * * *
You feel drained.
You puncture the wight!
You destroy the wight!
The wall freezes the ogre. x2; The ogre misses you.
The slave shouts!
You hear a shout! x2
The wall freezes the ogre.
The wall freezes the ogre.
The ogre hits you with a +0 giant spiked club!!
You die...

##................
#................
#...............#
#........#####..#
,, #......### .#,
# #......# .##.#,,
#......# #...., *
#<.....#######..#
*
#.........)O@...#
*
##.>....>.####...#
###....######
###..# *,
##....### *...# *
#...### .... ...##
* ..p.., * ..## *
, ..pKp. ..# , * *
K..... , ..## .#
..O. ,


You could see an ogre and 2 slaves.

Vanquished Creatures
  A wight (D:4)
  A hound (D:5)
  A worker ant (D:3)
  A hound zombie (D:6)
  4 adders
  A leopard gecko (D:2)
  An orc (D:3)
  3 ball pythons
  3 bats
  3 giant cockroaches
  4 goblins
  5 hobgoblins
  A quokka (D:3)
  4 frilled lizards
  3 kobolds
  A quokka skeleton (D:5)
  8 rats
45 creatures vanquished.

Notes
Turn   | Place    | Note
-------+----------+-------------------------------------------
     0 | D:1      | Esekla the Deep Dwarf Ice Elementalist began the quest for
                  | the Orb.
     0 | D:1      | Reached XP level 1. HP: 15/15 MP: 3/3
   308 | D:2      | Reached XP level 2. HP: 20/22 MP: 0/4
   572 | D:2      | Found a glowing golden altar of the Shining One.
   780 | D:1      | Reached skill level 4 in Ice Magic
   952 | D:1      | Reached skill level 1 in Fighting
   992 | D:1      | Reached XP level 3. HP: 19/31 MP: 3/6
   997 | D:1      | Learned a level 3 spell: Ozocubu's Armour
  1284 | D:2      | Found a glowing silver altar of Zin.
  1365 | D:4      | Found Sicasyotz's Assorted Antiques.
  1510 | D:3      | Reached XP level 4. HP: 17/38 MP: 2/8
  1515 | D:3      | Learned a level 3 spell: Frozen Ramparts
  1639 | D:4      | Got a bloodstained buckler
  1648 | D:3      | Identified the cursed +0 buckler "Pizudol" {+Fly rPois rC-
                  | Regen+} (You found it on level 4 of the Dungeon)
  1650 | D:4      | Noticed a slave
  1651 | D:4      | Noticed a slave
  1654 | D:4      | Noticed a slave
  1654 | D:4      | Noticed a slave
  1655 | D:4      | Noticed an ogre
  1655 | D:4      | Noticed Pikel
  1710 | D:3      | Found Gozag's Platinum Reserve.
  2090 | D:3      | Reached skill level 1 in Armour
  2160 | D:3      | Found an opulent altar of Gozag.
  2335 | D:4      | Noticed Edmund
  2355 | D:5      | Entered Level 5 of the Dungeon
  2446 | D:5      | You fall into a shaft and drop 1 floor!
  2507 | D:5      | Noticed an ice beast
  2855 | D:5      | Reached XP level 5. HP: 24/44 MP: 2/9
  2869 | D:5      | Got a flickering copper ring
  2877 | D:5      | Identified the ring of Duoseczet {*Slow MR+ Str+2 Int+4
                  | SInv} (You found it on level 5 of the Dungeon)
  2938 | D:4      | Mangled by an ogre

Illustrated notes

Levels and vault maps discovered:
D:1:      dpeg_arrival_simpleton_c, layout_basic, kennysheep_nondescript,
          corexii_leaking_fountain
D:2:      minmay_chambers_of_ones, layout_rooms, zin_treasury, elyvilon_altar_1,
          serial_park_tiny_2, tso_metal_star
D:3:      cheibrodos_helix_gallery, layout_loops_ring,
          nicolae_gozag_zags_fifth_avenue, minmay_misc_feat_secret_circle
D:4:      layout_layer_cave, first_ration, serial_shops,
          nicolae_shop_overgrown_old_shop, hangedman_abyss_or_decor_stagger,
          minmay_misc_feat_tiny, uniq_edmund, uniq_pikel, uniq_menkaure
D:5:      layout_basic, lemuel_crystal_altar, gammafunk_ghost_nasty_kobolds,
          uniq_crazy_yiuf_cottage, uniq_grinder, uniq_prince_ribbit1
D:6:      layout_cave_pools

Skill      XL: |  1  2  3  4 |
---------------+-------------+-----
Spellcasting   | 2 3 |  3.2
Ice Magic      | 4 |  4.2
Fighting       | 1 |  1.3
Armour         | 1 |  1.7
Short Blades   | |  0.9
Dodging        | |  2.3
Stealth        | |  2.4
Shields        | |  0.7
Charms         | |  0.6

Action                   |  1- 3 |  4- 6 || total
-------------------------+-------+-------++-------
Melee: Short sword       |    20 |    39 ||    59
 Cast: Freeze            |    34 |     1 ||    35
       Frozen Ramparts   |       |     8 ||     8
       Ozocubu's Armour  |       |     1 ||     1
 Abil: Heal Wounds       |       |     1 ||     1
  Use: Scroll            |       |     5 ||     5
       Potion            |       |     1 ||     1
 Stab: Sleeping          |     2 |     2 ||     4
  Eat: Chunk             |     2 |     2 ||     4
       Ration            |       |     1 ||     1
Armor: Robe              |     6 |       ||     6
       Leather armour    |    10 |     9 ||    19
Dodge: Dodged            |    31 |    34 ||    65
Block: Buckler           |       |    11 ||    11
